 Dungeon Crawl Stone Soup version 0.25-a0-435-g4b9beb1024 (webtiles) character file.

Game seed: 17257521426317942028, levelgen mode: deterministic

6291 Archen the Cleaver (level 10, -20/88 HPs)
             Began as a Minotaur Berserker on Jan 28, 2020.
             Was a High Priest of Trog.
             Killed from afar by a deep elf mage (33 damage)
             ... with a bolt of lightning
             ... on level 10 of the Dungeon on Jan 29, 2020.
             The game lasted 00:27:12 (7357 turns).

Archen the Cleaver (Minotaur Berserker)             Turns: 7357, Time: 00:27:12

Health: -20/88     AC: 18    Str: 25    XL:     10   Next: 63%
Magic:  9/9        EV: 11    Int:  7    God:    Trog [*****.]
Gold:   463        SH:  0    Dex: 10    Spells: 9/9 levels left

rFire    . . .     SeeInvis +   u - +2 battleaxe "Reva" {vorpal, Int+3 SInv}
rCold    + . .     Gourm    .   (shield currently unavailable)
rNeg     . . .     Faith    .   E - +0 chain mail
rPois    .         Spirit   .   (helmet restricted)
rElec    .         Reflect  .   f - +0 cloak
rCorr    .         Harm     .   y - +1 pair of gloves
MR       .....                  (no boots)
Stlth    ..........             w - amulet of regeneration
HPRegen  0.64/turn              j - ring of protection from cold
MPRegen  0.11/turn              k - +4 ring of protection

@: berserk cooldown, slowed, very slow
A: retaliatory headbutt, horns 2
a: Berserk, Trog's Hand, Brothers in Arms, Renounce Religion


You were on level 10 of the Dungeon.
You worshipped Trog.
Trog was extremely pleased with you.
You were hungry.

You visited 1 branch of the dungeon, and saw 10 of its levels.

You collected 575 gold pieces.
You spent 112 gold pieces at shops.

Inventory:

Hand Weapons
 u - the +2 battleaxe "Reva" (weapon) {vorpal, Int+3 SInv}
   (Trog gifted it to you on level 10 of the Dungeon)

   It inflicts extra damage upon your enemies.
   It affects your intelligence (+3).
   It lets you see invisible.
 C - a +1 vampiric hand axe
 F - a -2 war axe
Armour
 f - a +0 cloak (worn)
 y - a +1 pair of gloves (worn)
 E - a +0 chain mail (worn)
Jewellery
 h - an uncursed ring of ice
 j - a ring of protection from cold (left hand)
 k - a +4 ring of protection (right hand)
 l - an uncursed amulet of the gourmand
 o - an uncursed amulet of rage
 p - an uncursed ring of protection from cold
 w - an amulet of regeneration (around neck)
 z - the ring "Nylaul" {+Fly Int+4}
   (You found it on level 5 of the Dungeon)

   [ring of flight]

   It affects your intelligence (+4).
   It lets you fly.
 D - the ring of Wuezuat {rElec rC+ MP+9 Dex-4}
   (You found it on level 10 of the Dungeon)

   [ring of magical power]

   It affects your dexterity (-4).
   It protects you from cold.
   It insulates you from electricity.
   It affects your magic capacity (+9).
Wands
 n - a wand of iceblast (17)
 s - a wand of acid (15)
Scrolls
 a - 4 scrolls of remove curse
 d - 3 scrolls of teleportation
 i - 8 scrolls of identify
 m - 2 scrolls of random uselessness {unknown}
 r - a scroll of blinking
 t - a scroll of enchant weapon
 A - 2 scrolls of enchant armour
Potions
 b - 2 potions of degeneration
 e - 4 potions of heal wounds
 g - 4 potions of brilliance
 q - 2 potions of flight {unknown}
 v - 4 potions of curing
 x - a potion of invisibility {unknown}
 G - a potion of mutation {unknown}
Comestibles
 c - 13 rations
 B - 15 chunks of flesh


   Skills:
 - Level 8.0 Fighting
 * Level 14.5 Axes
 - Level 7.5 Armour
 - Level 6.8 Dodging


You had 9 spell levels left.
You didn't know any spells.
Your spell library was empty.

Dungeon Overview and Level Annotations

Branches:
Dungeon (10/15)            Temple (0/1) D:4            Lair (0/6) D:9
    Orc: D:9-12

Altars:
Ashenzari
Fedhas
Kikubaaqudgha
Makhleb
Nemelex Xobeh
Ru
Sif Muna
Wu Jian
Yredelemnul
The Shining One

Shops:
D:4 =   D:9 ?


Innate Abilities, Weirdness & Mutations

You reflexively headbutt those who attack you in melee.
You have a pair of horns on your head.


Message History

The orc warrior is moderately wounded.
The deep elf mage casts a spell at you.
The bolt of lightning hits the orc warrior!
The bolt of lightning misses you. The bolt of lightning hits you!!
* * * LOW HITPOINT WARNING * * *
The orc warrior hits you with a cursed -2 hand axe.
* * * LOW HITPOINT WARNING * * *
You closely miss the orc warrior. You headbutt the orc warrior.
You kill the orc warrior!
Trog accepts your kill.
You are no longer berserk.
You are exhausted.
You feel yourself slow down.
The deep elf mage mumbles some strange words.
The deep elf mage blinks!
Items here: ( ) [ † a cursed -2 hand axe; 17 stones; a +0 chain mail; an orc corpse The deep elf mage casts a spell at you.
The bolt of lightning misses you. The bolt of lightning hits you!!
You die...

#........#
#........#
#........#
#........####
#.........((##
#..########.e#
#..# #...)(.#
.<..
#..###..##
..... ..
#...@.# ###
#....#)#
#....#§#
#..)##.. ..###
...# ... ...#
.. .#.## ..[#
##.##


You could see a deep elf mage.

Vanquished Creatures
  A two-headed ogre (D:9)
  A centaur skeleton (D:10)
  A hippogriff (D:10)
  A shadow (D:9)
  A yak (D:10)
  3 hogs (D:10)
  A human (D:10)
  Eustachio (D:4)
  Menkaure (D:6)
  A steam dragon (D:10)
  2 ice beasts
  An orc warrior (D:10)
  A phantom (D:9)
  A sky beast (D:6)
  8 ogres
  4 centaurs
  2 big kobolds
  3 bullfrogs
  A gnoll sergeant (D:6)
  A wyvern skeleton (D:5)
  4 scorpions
  7 killer bees
  5 wights (D:9)
  A bullfrog zombie (D:7)
  7 crimson imps
  6 hounds
  3 orc wizards
  A jelly (D:6)
  2 orc priests (D:9)
  A gnoll shaman (D:7)
  A bullfrog skeleton (D:4)
  5 iguanas
  Ijyb (D:4)
  9 worker ants
  A killer bee zombie (D:6)
  2 hound skeletons
  A worker ant zombie (D:10)
  9 gnolls
  14 adders
  6 shadow imps
  2 oozes
  An adder skeleton (D:4)
  6 dart slugs
  3 leopard geckos
  17 orcs
  2 giant cockroaches
  5 goblins
  7 hobgoblins
  12 jackals
  2 quokkas
  5 bats
  2 frilled lizards
  A jackal skeleton (D:8)
  A jackal zombie (D:8)
  14 kobolds
  A leopard gecko skeleton (D:4)
  4 rats (D:1)
207 creatures vanquished.

Notes
Turn   | Place    | Note
-------+----------+-------------------------------------------
     0 | D:1      | Archen the Minotaur Berserker began the quest for the Orb.
     0 | D:1      | Reached XP level 1. HP: 19/19 MP: 0/0
   286 | D:1      | Reached XP level 2. HP: 20/27 MP: 1/1
   638 | D:1      | Reached skill level 4 in Axes
   831 | D:2      | Reached XP level 3. HP: 10/33 MP: 2/2
  1112 | D:2      | Reached ** piety under Trog
  1153 | D:2      | Found a shattered altar of Ashenzari.
  1243 | D:2      | Found a glowing golden altar of the Shining One.
  1409 | D:2      | Found a basalt altar of Yredelemnul.
  1789 | D:3      | Reached XP level 4. HP: 40/40 MP: 3/3
  2207 | D:4      | Reached skill level 5 in Axes
  2211 | D:4      | Reached XP level 5. HP: 41/47 MP: 4/4
  2328 | D:4      | Noticed an ogre
  2333 | D:4      | Killed an ogre
  2333 | D:4      | Reached XP level 6. HP: 55/55 MP: 5/5
  2367 | D:4      | Reached skill level 5 in Fighting
  2368 | D:4      | Noticed Eustachio
  2377 | D:4      | Reached skill level 6 in Axes
  2457 | D:4      | Killed Eustachio
  2804 | D:4      | Found Lotubref's Jewellery Boutique.
  2871 | D:4      | Found a blossoming altar of Fedhas.
  2896 | D:4      | Found an ancient bone altar of Kikubaaqudgha.
  2897 | D:4      | Found a sparkling altar of Nemelex Xobeh.
  2988 | D:4      | Found a staircase to the Ecumenical Temple.
  3086 | D:4      | Noticed Ijyb
  3092 | D:4      | Killed Ijyb
  3092 | D:4      | Reached XP level 7. HP: 40/61 MP: 6/6
  3287 | D:5      | Entered Level 5 of the Dungeon
  3389 | D:5      | Reached skill level 7 in Axes
  3396 | D:5      | Reached *** piety under Trog
  3584 | D:5      | Reached skill level 5 in Armour
  3790 | D:5      | Got a glittering bone ring
  3982 | D:6      | Noticed Menkaure
  3986 | D:6      | Killed Menkaure
  3986 | D:6      | Reached skill level 5 in Dodging
  3986 | D:6      | Reached XP level 8. HP: 57/70 MP: 7/7
  4005 | D:6      | Reached skill level 8 in Axes
  4142 | D:6      | Identified the ring "Nylaul" {+Fly Int+4} (You found it on
                  | level 5 of the Dungeon)
  4443 | D:6      | Found a burning altar of Makhleb.
  4443 | D:6      | Found a shimmering blue altar of Sif Muna.
  4444 | D:6      | Found an ornate altar of the Wu Jian Council.
  4486 | D:6      | Reached skill level 9 in Axes
  5054 | D:7      | Reached XP level 9. HP: 79/79 MP: 8/8
  5130 | D:7      | Reached **** piety under Trog
  5401 | D:7      | Reached skill level 10 in Axes
  6089 | D:8      | Reached skill level 11 in Axes
  6613 | D:9      | Found a sacrificial altar of Ru.
  6675 | D:9      | Noticed a two-headed ogre
  6690 | D:9      | Killed a two-headed ogre
  6690 | D:9      | Reached skill level 12 in Axes
  6690 | D:9      | Reached XP level 10. HP: 19/88 MP: 9/9
  6885 | D:9      | Found Zaziel's Magic Scroll Shoppe.
  6893 | D:9      | Bought a scroll of blinking for 112 gold pieces
  7049 | D:9      | Found a staircase to the Lair.
  7133 | D:10     | Entered Level 10 of the Dungeon
  7142 | D:10     | Reached skill level 13 in Axes
  7198 | D:10     | Reached ***** piety under Trog
  7198 | D:10     | Received a gift from Trog
  7201 | D:10     | Got a steaming battleaxe {god gift}
  7202 | D:10     | Identified the +2 battleaxe "Reva" {vorpal, Int+3 SInv}
                  | (Trog gifted it to you on level 10 of the Dungeon)
  7222 | D:10     | Got a scorched platinum ring
  7234 | D:10     | Identified the ring of Wuezuat {rElec rC+ MP+9 Dex-4} (You
                  | found it on level 10 of the Dungeon)
  7282 | D:10     | Reached skill level 14 in Axes
  7338 | D:10     | Noticed a deep elf mage
  7357 | D:10     | Killed from afar by a deep elf mage

Levels and vault maps discovered:
D:1:      tarquinn_simple_flora_water_d, layout_loops_corners
D:2:      layout_basic, lemuel_round_altar, tso_altar, yredelemnul_altar_generic
D:3:      layout_rooms, minmay_bisected
D:4:      layout_basic, chequers_temple_overflow_statue_of_worship,
          minmay_temple_entry_butterflies, first_ration, serial_shops,
          shop_fountains, minmay_misc_feat_room, uniq_ijyb, uniq_eustachio
D:5:      layout_basic
D:6:      layout_loops_ring, gammafunk_temple_overflow_claw, minivault_5,
          chequers_jeans, uniq_menkaure
D:7:      layout_basic
D:8:      layout_basic
D:9:      layout_irregular_city, nicolae_ru_awakened_eye, lair_entry_dummy,
          serial_shops, nicolae_shop_trees, minivault_23
D:10:     minmay_goldmine, layout_small_grid,
          kennysheep_orc_monster_closet_entryway, basic_altar, grunt_livestock,
          st_stairs_14, minmay_bent

Skill      XL: |  1  2  3  4  5  6  7  8  9 10 |
---------------+-------------------------------+-----
Axes           | 4 5 6 7 9 12 14 | 14.5
Fighting       | 4 5 6 7 8 |  8.0
Armour         | 3 4 5 6 7 |  7.5
Dodging        | 3 4 5 6 |  6.8

Action                   |  1- 3 |  4- 6 |  7- 9 | 10-12 || total
-------------------------+-------+-------+-------+-------++-------
Melee: Hand axe          |    82 |   141 |   152 |       ||   375
       Headbutt          |     7 |    16 |    81 |    21 ||   125
       War axe           |       |       |   196 |    38 ||   234
       Battleaxe         |       |       |       |    32 ||    32
Invok: Berserk           |       |       |     1 |     1 ||     2
  Use: Scroll            |       |     2 |    11 |       ||    13
 Stab: Sleeping          |     1 |       |       |       ||     1
  Eat: Chunk             |    12 |     5 |     5 |     2 ||    24
Armor: Animal skin       |     4 |       |       |       ||     4
       Leather armour    |    39 |     7 |       |       ||    46
       Ring mail         |     2 |    80 |    38 |       ||   120
       Chain mail        |       |       |    91 |    46 ||   137
Dodge: Dodged            |    48 |   114 |   189 |    40 ||   391

Table legend:
 A = Non-vault XP
 B = Vault XP
 C = Vault XP percentage of total XP
 D = Non-vault monster count
 E = Vault monster count
 F = Vault count percentage of total count
                 A         B        C        D         E       F
            +---------+---------+-------+---------+---------+-------
      Total |    7058 |    1930 |  21.5 |     188 |      19 |   9.2
            +---------+---------+-------+---------+---------+-------
        D:1 |      30 |       0 |   0.0 |      17 |       0 |   0.0
        D:2 |      56 |       0 |   0.0 |      23 |       0 |   0.0
        D:3 |      61 |       5 |   7.6 |      10 |       3 |  23.1
        D:4 |     374 |     227 |  37.8 |      17 |       2 |  10.5
        D:5 |     483 |       0 |   0.0 |      15 |       0 |   0.0
        D:6 |    1164 |     183 |  13.6 |      31 |       1 |   3.1
        D:7 |    1166 |       0 |   0.0 |      21 |       0 |   0.0
        D:8 |     928 |       0 |   0.0 |      26 |       0 |   0.0
        D:9 |    1795 |       0 |   0.0 |      20 |       0 |   0.0
       D:10 |    1001 |    1515 |  60.2 |       8 |      13 |  61.9
            +---------+---------+-------+---------+---------+-------
